AoeStats
← OGStragglerTree

Hideout

508121478Analyzed
1v1 RM · 10d ago on Sep 21, 2026· 36m 3s· 2 players
Game mode
Random Map
Map size
Tiny (2 player)
Population
200
Speed
Normal
Resources
Standard
Victory
Conquest
Starting age
Dark Age
Ending age
Imperial Age
RankedLock teamsTeams togetherTeam positionsShared explorationLock speedFull tech treeHidden civsTurbo modeCheats
Victory
Defeat
🇪🇸 Khmer · Spain
1562
+18
🇺🇸 Vikings · United States
1610
-18
PNAL | Mr.Costas
10:38 Feudal Age
14:03 Castle Age
12:07 Double-Bit Axe
13:07 Horse Collar
15:39 Bow Saw
17:27 Loom
19:35 Wheelbarrow
19:17 Gold Mining
21:46 Hand Cart
22:15 Loom
22:55 Heavy Plow
23:58 Gold Shaft Mining
32:00 Imperial Age
31:29 Bloodlines
31:19 Husbandry
30:40 Light Cavalry
32:12 Ballistics
32:05 Hussar
34:29 Scale Barding Armor
35:09 Forging
35:06 Town Watch
35:33 Fletching
36:54 Chemistry
36:52 Iron Casting
OGStragglerTree
10:05 Feudal Age
14:04 Castle Age
12:24 Double-Bit Axe
12:53 Horse Collar
14:08 Loom
14:55 Bow Saw
17:41 Town Watch
19:39 Scale Mail Armor
22:40 Heavy Plow
23:50 Chain Mail Armor
24:09 Squires
25:02 Arson
32:48 Imperial Age
34:09 Plate Mail Armor
33:50 Forging
33:18 Capped Ram
34:34 Conscription
Connection lost

Rejoining the realm…

Still unreachable

The connection could not be restored.

Session expired

The server has moved on; the page needs a fresh start.